 Dungeon Crawl Stone Soup version 0.28-a0-1435-g82390b3a13 (webtiles) character file.

Game seed: 1672995843945791142

159 HallandMoats the Skirmisher (level 5, -5/37 HPs)
             Began as a Demonspawn Fighter on Jan 9, 2022.
             Was a Believer of Hepliaklqana.
             Killed by nerve-wracking pain
             ... invoked by an orc priest
              (13 damage)
             ... on level 4 of the Dungeon.
             The game lasted 00:02:50 (2597 turns).

HallandMoats the Skirmisher (Demonspawn Fighter)    Turns: 2597, Time: 00:02:52

Health: -5/37      AC:  7    Str: 18    XL:     5   Next: 17%
Magic:  14/14      EV:  9    Int:  9    God:    Hepliaklqana [**....]
Gold:   222        SH:  4    Dex: 13    Spells: 4/4 levels left

rFire   . . .      SeeInvis .   b - +2 dagger (elec)
rCold   . . .      Faith    .   c - +0 buckler
rNeg    . . .      Spirit   .   u - +0 scale mail
rPois   .          Reflect  .   (no helmet)
rElec   .          Harm     .   (no cloak)
rCorr   .          Rampage  .   (no gloves)
Will    +....                   (no boots)
Stlth   ..........              e - amulet of magic regeneration
HPRegen 0.12/turn               s - ring of willpower
MPRegen 0.54/turn               i - ring of magical power

@: no status effects
A: reduced essence, spiny 1, sharp scales 1
a: Renounce Religion, Recall Ancestor, Ancestor Identity


You were on level 4 of the Dungeon.
You worshipped Hepliaklqana.
Hepliaklqana was pleased with you.
You visited 1 branch of the dungeon, and saw 4 of its levels.

You collected 222 gold pieces.

Inventory:

Hand Weapons
 a - a +0 war axe
 b - a +2 dagger of electrocution (weapon)
Armour
 c - a +0 buckler (worn)
 u - a +0 scale mail (worn)
Jewellery
 e - an amulet of magic regeneration (around neck)
 i - a ring of magical power (right hand)
 s - a ring of willpower (left hand)
Scrolls
 f - a scroll of acquirement {unknown}
 g - a scroll of blinking {unknown}
 h - 2 scrolls of identify {unknown}
 l - a scroll of amnesia {unknown}
 m - 3 scrolls of teleportation {unknown}
 n - 2 scrolls of immolation {unknown}
 q - a scroll of enchant armour {unknown}
 v - a scroll of vulnerability {unknown}
Potions
 d - a potion of might
 j - a potion of curing {unknown}
 k - a potion of degeneration {unknown}
 o - 3 potions of attraction {unknown}
 p - a potion of mutation {unknown}
 r - 2 potions of haste {unknown}
 t - a potion of brilliance {unknown}


   Skills:
 * Level 3.9 Fighting
 * Level 3.0 Axes
 + Level 3.2 Armour
 + Level 1.4 Dodging
 + Level 3.1 Shields


You had 4 spell levels left.
You didn't know any spells.
Your spell library contained the following spells:

 Spells                   Type           Power      Damage    Failure   Level
 Frozen Ramparts          Ice            0%         1d2       99%         3
 Summon Guardian Golem    Hex/Summ       0%         N/A       99%         3
 Ice Form                 Ice/Tmut       0%         N/A       100%        4
 Summon Ice Beast         Ice/Summ       0%         N/A       100%        4
 Orb of Destruction       Conj           0%         N/A       100%        7
 Spellforged Servitor     Conj/Summ      0%         N/A       100%        7


Dungeon Overview and Level Annotations

Branches:
Dungeon (4/15)
 Temple: D:4-7

Altars:
Hepliaklqana


Innate Abilities, Weirdness & Mutations

Your life essence is reduced to manifest your ancestor. (-10% HP)
You are partially covered in sharp spines.
You are partially covered in razor-sharp scales. (AC +1, Slay +1)


Message History

An adder comes into view.
The adder hisses angrily.
You swap places.
You barely miss the adder. The adder is struck by your spines.
The adder closely misses you. You block the adder's attack.
You hit the adder.
The adder is almost dead.
A magic dart appears from out of thin air!
The magic dart hits you. The adder is struck by your spines.
You kill the adder!
You see here an adder corpse.
Something hits you but does no damage.
An orc comes into view.
It is wielding a +0 flail of protection.
You miss something.
The orc shouts!
An orc comes into view. It is wielding a +0 hand axe.
The orc priest hits you with a +0 falchion.
Something hits you but does no damage.
You barely miss the orc priest.
You hear some strange, mumbled words.
You are confused.
The orc priest hits you but does no damage.
Sir Mixa Lott points next to you and mumbles some strange words.
Sir Mixa Lott hits something with a +0 dagger of draining.
The orc priest calls down the wrath of Beogh upon you.
Beogh smites you!
You're too confused to move!
Sir Mixa Lott hits something with a +0 dagger of draining.
Something hits the orc.
The orc priest mumbles some strange prayers to Beogh against you.
Pain shoots through your body!
* * * LOW HITPOINT WARNING * * *
The orc hits Sir Mixa Lott with a +0 hand axe.
You feel less confused.
Sir Mixa Lott hits something with a +0 dagger of draining.
Reactivating autopickup.
You feel a bit more experienced.
The orc priest calls down the wrath of Beogh upon you.
Pain shoots through your body!
You die...

.. . ##. #.# ##.#
#..######## #
#.#.......### #
###†#..)o.....####
#@...o.R..........
#...##.o............#
.....##
###............. ....
##.........### ...
#.....##### ..
####..## . ##..##
##..##### ###..#..


You could see the friendly Sir Mixa Lott the hexer, an orc priest and 2 orcs.

Vanquished Creatures
  An orc wizard (D:3)
  6 adders
  3 worms
  A dart slug (D:1)
  12 orcs
  2 bats (D:1)
  A giant cockroach (D:2)
  4 hobgoblins
  3 kobolds
  2 quokkas
  2 ball pythons
  4 frilled lizards
  6 goblins
  6 rats
53 creatures vanquished.

Vanquished Creatures (collateral kills)
  An orc wizard (D:4)
  An adder (D:4)
  An orc (D:3)
  A giant cockroach (D:4)
  A quokka (D:2)
5 creatures vanquished.

Vanquished Creatures (others)
  A hexer (D:3)
  3 plants (D:1)
4 creatures vanquished.

Grand Total: 62 creatures vanquished

Notes
Turn   | Place    | Note
-------+----------+-------------------------------------------
     0 | D:1      | HallandMoats the Demonspawn Fighter began the quest for the
                  | Orb.
     0 | D:1      | Reached XP level 1. HP: 18/18 MP: 1/1
   107 | D:1      | Found a faded altar of an unknown god.
   133 | D:1      | Prayed at the altar of an unknown god.
   133 | D:1      | Became a worshipper of Hepliaklqana the Forgotten
   133 | D:1      | Reached * piety under Hepliaklqana
   221 | D:1      | Gained mutation: You are partially covered in sharp spines.
                  | [demonic ancestry]
   221 | D:1      | Reached XP level 2. HP: 21/21 MP: 2/2
  1073 | D:2      | Reached ** piety under Hepliaklqana
  1074 | D:2      | Remembered your ancestor Sir Mixa Lott as a hexer
  1228 | D:2      | Reached XP level 3. HP: 21/26 MP: 3/3
  1619 | D:3      | Reached skill level 1 in Dodging
  1853 | D:3      | Reached XP level 4. HP: 28/31 MP: 4/4
  2509 | D:4      | Gained mutation: You are partially covered in razor-sharp
                  | scales. (AC +1, Slay +1) [demonic ancestry]
  2509 | D:4      | Reached XP level 5. HP: 37/37 MP: 5/5
  2597 | D:4      | Killed from afar by an orc priest

Illustrated notes

Levels and vault maps discovered:
D:1:      evilmike_arrival_rings, layout_rooms,
          shapermc_ecumenical_altar_mp_ritualfount, serial_forest,
          infiniplex_forest_clump_tiny, infiniplex_forest_straight_3,
          infiniplex_forest_clump_small, infiniplex_forest_straight_4,
          infiniplex_forest_lined_3, infiniplex_forest_end_double,
          infiniplex_forest_lined_2, infiniplex_forest_clump_cross,
          infiniplex_forest_clump_cross, minmay_split_cup_small
D:2:      layout_loops_ring, columned_hall_lemuel
D:3:      layout_loops_ring
D:4:      layout_cave_pods, mainiacjoe_overflow_concentric_impassable,
          uniq_pikel

Skill      XL: |  1  2  3  4  5 |
---------------+----------------+-----
Axes           | 2 3 |  3.0
Dodging        | 1 |  1.4
Armour         | 3 |  3.2
Shields        | 3 |  3.1
Fighting       | |  3.9

Action                   |  1- 3 |  4- 6 || total
-------------------------+-------+-------++-------
Melee: War axe           |    60 |    24 ||    84
       Dagger            |       |    28 ||    28
Invok: Ancestor Life: He |     1 |       ||     1
       Ancestor Identity |     1 |       ||     1
Armor: Scale mail        |    40 |    15 ||    55
Dodge: Dodged            |    29 |    18 ||    47
Block: Buckler           |    13 |     6 ||    19

Table legend: (Time is in decaauts)
 A = Elapsed time spent in this place.
 B = Non-inter-level travel time spent in this place.
 C = Inter-level travel time spent in this place.
 D = Time resting spent in this place.
 E = Time spent auto-exploring this place.
 F = Levels seen in this place.
 G = Mean time per level.
                   A        B        C        D        E       F      G
               +--------+--------+--------+--------+--------+-----+--------+
         Total |   2631 |   2524 |    107 |     17 |   2128 |   4 |  657.8 |
       Dungeon |   2631 |   2524 |    107 |     17 |   2128 |   4 |  657.8 |
               +--------+--------+--------+--------+--------+-----+--------+

Top non-repeatable levels by time:
     D:2: 913 daAuts
     D:3: 897 daAuts
     D:1: 678 daAuts
     D:4: 141 daAuts
